 Dungeon Crawl Stone Soup version 0.28-a0-1404-g4df0f3684d (webtiles) character file.

Game seed: 16892451315996347735

84 lonewolfV2 the Chopper (level 4, 0/33 HPs)
             Began as a Demonspawn Gladiator on Jan 5, 2022.
             Slain by Crazy Yiuf (5 damage)
             ... on level 2 of the Dungeon.
             The game lasted 00:03:42 (1946 turns).

lonewolfV2 the Chopper (Demonspawn Gladiator)       Turns: 1946, Time: 00:03:43

Health: 0/33       AC:  7    Str: 16    XL:     4   Next: 23%
Magic:  4/4        EV: 13    Int:  9    God:
Gold:   22         SH:  0    Dex: 21    Spells: 3/3 levels left

rFire   . . .      SeeInvis .   a - +0 war axe
rCold   . . .      Faith    .   (no shield)
rNeg    . . .      Spirit   .   b - +0 leather armour
rPois   .          Reflect  .   c - +1 helmet
rElec   .          Harm     .   (no cloak)
rCorr   .          Rampage  .   (no gloves)
Will    .....                   o - +0 pair of boots of Tegazak {Dex+6}
Stlth   ++........              (no amulet)
HPRegen 0.11/turn               (no ring)
MPRegen 0.09/turn               (no ring)

@: slowed, very slow
A: claws 1, rugged brown scales 1, powered by death 1
a: no special abilities


You were on level 2 of the Dungeon.
You visited 1 branch of the dungeon, and saw 2 of its levels.

You collected 22 gold pieces.

Inventory:

Hand Weapons
 a - a +0 war axe (weapon)
Missiles
 d - 3 throwing nets (quivered)
Armour
 b - a +0 leather armour (worn)
 c - a +1 helmet (worn)
 o - the +0 pair of boots of Tegazak (worn) {Dex+6}
   (You found it on level 2 of the Dungeon)

   Dex:       It affects your dexterity (+6).
Wands
 i - a wand of polymorph (4)
Scrolls
 e - a scroll of enchant armour
 g - a scroll of magic mapping {unknown}
 h - a scroll of brand weapon {unknown}
 m - a scroll of noise {unknown}
 n - a scroll of vulnerability {unknown}
Potions
 f - a potion of heal wounds {unknown}
 j - 2 potions of curing
 k - a potion of cancellation {unknown}
 l - a potion of degeneration {unknown}


   Skills:
 + Level 2.2 Fighting
 + Level 3.7 Axes
 + Level 2.0 Throwing
 + Level 0.5 Armour
 + Level 3.3 Dodging
 + Level 0.2 Stealth


You had 3 spell levels left.
You didn't know any spells.
Your spell library was empty.

Dungeon Overview and Level Annotations

Branches:
Dungeon (2/15)

Altars:

Shops:
D:1 (

Annotations:
D:2 Crazy Yiuf


Innate Abilities, Weirdness & Mutations

You have sharp fingernails.
You are partially covered in rugged brown scales. (AC +1, +3% HP)
You regenerate a little health from kills.


Message History

Crazy Yiuf zaps a wand.
You barely miss Crazy Yiuf.
Crazy Yiuf is heavily wounded.
Your transformation is almost over.
Crazy Yiuf says, "Announcement leg alas!"
Crazy Yiuf closely misses you.
You touch Crazy Yiuf.
Crazy Yiuf is severely wounded.
Crazy Yiuf barely misses you. Crazy Yiuf completely misses you.
You touch Crazy Yiuf but do no damage.
Crazy Yiuf is severely wounded.
Crazy Yiuf completely misses you.
You touch Crazy Yiuf.
Crazy Yiuf is severely wounded.
Crazy Yiuf hits you with a +3 quarterstaff of chaos!
* * * LOW HITPOINT WARNING * * *
You touch Crazy Yiuf but do no damage.
Crazy Yiuf is severely wounded.
Crazy Yiuf misses you.
Crazy Yiuf zaps a wand.
You resist with some effort.
You touch Crazy Yiuf but do no damage.
Crazy Yiuf is severely wounded.
Crazy Yiuf barely misses you.
You touch Crazy Yiuf.
Crazy Yiuf is severely wounded.
Crazy Yiuf zaps a wand.
You resist with some effort.
It was a potion of curing.
You feel better.
Your transformation has ended.
Your +0 war axe unmelds from your body.
Your +1 helmet unmelds from your body.
The +0 pair of boots of Tegazak {Dex+6} unmelds from your body.
Your +0 leather armour unmelds from your body.
Crazy Yiuf waves his quarterstaff at you.
Crazy Yiuf zaps a wand.
You resist with some effort. Crazy Yiuf closely misses you.
You barely miss Crazy Yiuf.
Crazy Yiuf is severely wounded.
Crazy Yiuf closely misses you.
Crazy Yiuf hits you with a +3 quarterstaff of chaos!
* * * LOW HITPOINT WARNING * * *
Crazy Yiuf freezes you.
You die...

#....### #.#..
#....# #.#..
##...# #.#<.
#...# #.#..
##.## #.#..
##.# #.#.. #.##
########.###
##.#
#......#.###
#@##
######.#....
#g# #.#.... ...
#.#.... #...#
#.###.# #)..#
#.###.# #####
#.....#
############
####.........##
#........##....


You could see Crazy Yiuf.

Vanquished Creatures
  3 gnolls (D:1)
  2 worms (D:2)
  3 ball pythons
  7 endoplasms
  4 giant cockroaches
  6 goblins
  3 hobgoblins (D:1)
  6 kobolds
  2 quokkas
  2 bats (D:1)
  4 frilled lizards (D:1)
  3 rats
45 creatures vanquished.

Notes
Turn   | Place    | Note
-------+----------+-------------------------------------------
     0 | D:1      | lonewolfV2 the Demonspawn Gladiator began the quest for the
                  | Orb.
     0 | D:1      | Reached XP level 1. HP: 16/16 MP: 1/1
    23 | D:1      | Gained mutation: You have sharp fingernails. [demonic
                  | ancestry]
    23 | D:1      | Reached XP level 2. HP: 14/22 MP: 2/2
   453 | D:1      | Found Picadwiq's Antique Weapon Boutique.
   541 | D:1      | Gained mutation: You regenerate a little health from kills.
                  | [demonic ancestry]
   541 | D:1      | Reached XP level 3. HP: 27/27 MP: 3/3
  1274 | D:2      | Gained mutation: You are partially covered in rugged brown
                  | scales. (AC +1, +3% HP) [demonic ancestry]
  1274 | D:2      | Reached XP level 4. HP: 10/33 MP: 4/4
  1745 | D:2      | Found a runed translucent door.
  1746 | D:2      | Noticed Crazy Yiuf
  1804 | D:2      | Identified the +0 pair of boots of Tegazak {Dex+6}
  1946 | D:2      | Slain by Crazy Yiuf

Illustrated notes

Levels and vault maps discovered:
D:1:      zaba_arrival_water, layout_basic, serial_shops, nicolae_diamond_shop
D:2:      layout_basic, minmay_tetromino_l4, uniq_crazy_yiuf_cottage

Skill      XL: |  1  2 |
---------------+-------+-----
Axes           | 3 |  3.7
Dodging        | 3 |  3.3
Throwing       | 2 |  2.0
Fighting       | |  2.2
Armour         | |  0.5
Stealth        | |  0.2

Action                   |  1- 3 |  4- 6 || total
-------------------------+-------+-------++-------
Melee: War axe           |    83 |    24 ||   107
       Punch             |     1 |       ||     1
       Unarmed           |       |    16 ||    16
  Use: Scroll            |     1 |       ||     1
       Potion            |       |     1 ||     1
Armor: Leather armour    |    30 |     6 ||    36
Dodge: Dodged            |    77 |    21 ||    98

Table legend: (Time is in decaauts)
 A = Elapsed time spent in this place.
 B = Non-inter-level travel time spent in this place.
 C = Inter-level travel time spent in this place.
 D = Time resting spent in this place.
 E = Time spent auto-exploring this place.
 F = Levels seen in this place.
 G = Mean time per level.
                   A        B        C        D        E       F      G
               +--------+--------+--------+--------+--------+-----+--------+
         Total |   1991 |   1971 |     20 |    136 |   1375 |   2 |  995.5 |
       Dungeon |   1991 |   1971 |     20 |    136 |   1375 |   2 |  995.5 |
               +--------+--------+--------+--------+--------+-----+--------+

Top non-repeatable levels by time:
     D:1: 1214 daAuts
     D:2: 777 daAuts
